 Dungeon Crawl Stone Soup version 0.22.1-5-g62c59d9 (webtiles) character file.

72 tomrarcher the Skirmisher (level 4, -2/61 HPs)
             Began as a Hill Orc Berserker on Jan 13, 2019.
             Was a Believer of Trog.
             Slain by Pikel
             ... wielding a +1 whip of electrocution
              (3 damage)
             ... on level 4 of the Dungeon.
             The game lasted 00:12:58 (2139 turns).

tomrarcher the Skirmisher (Hill Orc Berserker)      Turns: 2139, Time: 00:12:59

Health: -2/61      AC:  9    Str: 25    XL:     4   Next: 26%
Magic:  4/4        EV: 11    Int:  7    God:    Trog [**....]
Gold:   67         SH:  0    Dex: 10    Spells: 3/3 levels left

rFire    . . .     SeeInvis .   a - +1 mace
rCold    . . .     Gourm    .   (no shield)
rNeg     . . .     Faith    .   e - +1 ring mail
rPois    .         Spirit   .   (no helmet)
rElec    .         Reflect  .   (no cloak)
rCorr    .         Harm     .   (no gloves)
MR       .....                  j - +2 pair of boots
Stlth    ..........             (no amulet)
HPRegen  0.20/turn              (no ring)
MPRegen  0.09/turn              (no ring)

@: berserking, very quick
A: no striking features
a: Berserk, Trog's Hand, Renounce Religion


You were on level 4 of the Dungeon.
You worshipped Trog.
Trog was pleased with you.
You were near starving.

You visited 1 branch of the dungeon, and saw 3 of its levels.

You collected 67 gold pieces.

Inventory:

Hand Weapons
 a - a +1 mace (weapon)
 d - a cursed -2 whip
 m - a +0 mace
Armour
 b - a +0 animal skin
 e - a +1 ring mail (worn)
 j - a +2 pair of boots (worn)
Jewellery
 g - an uncursed ring of poison resistance {unknown}
Scrolls
 f - 2 scrolls of remove curse
 i - 2 scrolls of identify
 k - a scroll of enchant armour
 l - a scroll of teleportation {unknown}
Potions
 h - 2 potions of curing {unknown}
 n - 2 potions of haste {unknown}
Comestibles
 c - 2 rations


   Skills:
 + Level 4.5 Fighting
 + Level 4.5 Maces & Flails
 - Level 2.1 Armour
 + Level 2.1 Dodging


You had 3 spell levels left.
You didn't know any spells.
Your spell library was empty.

Dungeon Overview and Level Annotations

Branches:
Dungeon (2/15)

Altars:

Annotations:
D:4 Pikel


Message History

The slave is heavily wounded.
The slave hits you but does no damage. The slave closely misses you.
Pikel hits you with a whip of electrocution.
You hit the slave.
The slave is severely wounded.
The slave barely misses you. The slave hits you. The slave misses you.
You barely miss the slave.
The slave is severely wounded.
Pikel hits you with a whip of electrocution.
You are electrocuted!
* * * LOW HITPOINT WARNING * * *
The slave hits you.
* * * LOW HITPOINT WARNING * * *
The slave hits you but does no damage. The slave hits you!
* * * LOW HITPOINT WARNING * * *
You are too berserk!
You hit the slave.
The slave is almost dead.
Pikel hits you with a whip of electrocution.
You die...

######
#....#
#....#
#....#
#.?@p#
#.Kpp#
#..p.#
#>......
#.#######
#. #. #.


You could see Pikel and 4 slaves.

Vanquished Creatures
  3 oozes (D:1)
  2 worms (D:2)
  A leopard gecko (D:2)
  A ball python (D:2)
  A giant cockroach (D:1)
  10 hobgoblins
  6 jackals
  6 bats (D:1)
  6 frilled lizards
  3 goblins
  10 kobolds
  4 rats (D:1)
53 creatures vanquished.

Vanquished Creatures (others)
  A plant (D:2)
1 creature vanquished.

Grand Total: 54 creatures vanquished

Notes
Turn   | Place    | Note
-------+----------+-------------------------------------------
     0 | D:1      | tomrarcher the Hill Orc Berserker began the quest for the
                  | Orb.
     0 | D:1      | Reached XP level 1. HP: 19/19 MP: 1/1
    65 | D:1      | Reached XP level 2. HP: 24/27 MP: 2/2
   472 | D:1      | Reached XP level 3. HP: 27/33 MP: 3/3
   719 | D:1      | Reached ** piety under Trog
  1359 | D:2      | Reached XP level 4. HP: 41/41 MP: 4/4
  2132 | D:2      | You fall through a shaft for 2 floors!
  2132 | D:4      | Noticed Pikel
  2132 | D:4      | Noticed a slave
  2132 | D:4      | Noticed a slave
  2132 | D:4      | Noticed a slave
  2132 | D:4      | Noticed a slave
  2138 | D:4      | HP: 1/61 [slave[Pikel] (7)]
  2139 | D:4      | Slain by Pikel

Skill      XL: |  1  2  3 |
---------------+----------+-----
Fighting       | 4 |  4.5
Maces & Flails | 4 |  4.5
Dodging        | 2 |  2.1
Armour         | |  2.1

Action                   |  1- 3 |  4- 6 || total
-------------------------+-------+-------++-------
Melee: Mace              |   104 |    23 ||   127
Invok: Berserk           |     2 |     2 ||     4
  Use: Scroll            |     4 |     1 ||     5
       Potion            |     1 |       ||     1
 Stab: Sleeping          |     1 |       ||     1
  Eat: Chunk             |     3 |       ||     3
       Ration            |     1 |       ||     1
Armor: Ring mail         |    68 |     9 ||    77
Dodge: Dodged            |   107 |     7 ||   114
